 Dungeon Crawl Stone Soup version 0.22-a0-614-g34fbaa0 (webtiles) character file.

440 CougarLife the Shield-Bearer (level 7, 0/59 HPs)
             Began as a Gnoll Fighter on July 20, 2018.
             Succumbed to an orc's poison
             ... on level 3 of the Dungeon.
             The game lasted 00:03:09 (2713 turns).

CougarLife the Shield-Bearer (Gnoll Fighter)        Turns: 2713, Time: 00:03:09

Health: 0/59       AC:  7    Str: 21    XL:     7   Next: 2%
Magic:  10/10      EV:  9    Int: 12    God:
Gold:   153        SH: 11    Dex: 14    Spells: 10/10 levels left

rFire    . . .     SeeInvis .   a - +0 war axe
rCold    . . .     Gourm    .   c - +0 shield
rNeg     . . .     Faith    .   b - +0 scale mail
rPois    .         Spirit   .   (no helmet)
rElec    .         Reflect  .   (no cloak)
rCorr    .         Harm     .   (no gloves)
MR       .....                  (no boots)
Stlth    +.........             (no amulet)
HPRegen  0.19/turn              (no ring)
MPRegen  0.12/turn              (no ring)

@: lethally poisoned (0 -> -6)
A: distributed training, fangs 1, clever 1, deterioration 2, strong nose
a: no special abilities


You were on level 3 of the Dungeon.
You were hungry.

You visited 1 branch of the dungeon, and saw 4 of its levels.
You also visited: Sewer.

You collected 153 gold pieces.

Inventory:

Hand Weapons
 a - a +0 war axe (weapon)
Armour
 b - a +0 scale mail (worn)
 c - a +0 shield (worn)
Jewellery
 i - an uncursed ring of see invisible {unknown}
 q - a +3 ring of dexterity {unknown}
 r - an uncursed amulet of harm {unknown}
Scrolls
 h - 4 scrolls of teleportation {unknown}
 j - 2 scrolls of amnesia {unknown}
 k - 3 scrolls of identify {unknown}
 l - a scroll of remove curse {unknown}
 m - a scroll of fear {unknown}
 t - 3 scrolls of random uselessness {unknown}
Potions
 d - 2 potions of might
 e - 2 potions of berserk rage {unknown}
 g - a potion of lignification {unknown}
 n - a potion of curing {unknown}
 o - 2 potions of heal wounds {unknown}
 p - a potion of brilliance {unknown}
 s - 2 potions of mutation
Comestibles
 f - 6 rations


   Skills:
 + Level 6.9 Fighting
 + Level 2.1 Short Blades
 + Level 2.1 Long Blades
 + Level 5.1 Axes
 + Level 2.1 Maces & Flails
 + Level 2.1 Polearms
 + Level 2.1 Staves
 + Level 2.1 Slings
 + Level 2.1 Bows
 + Level 2.1 Crossbows
 + Level 2.1 Throwing
 + Level 6.9 Armour
 + Level 2.1 Dodging
 + Level 2.1 Stealth
 + Level 6.9 Shields
 + Level 2.1 Unarmed Combat
 + Level 2.1 Spellcasting
 + Level 1.7 Conjurations
 + Level 1.7 Hexes
 + Level 1.7 Charms
 + Level 1.7 Summonings
 + Level 1.7 Necromancy
 + Level 1.7 Translocations
 + Level 1.7 Transmutations
 + Level 1.7 Fire Magic
 + Level 1.7 Ice Magic
 + Level 1.7 Air Magic
 + Level 1.7 Earth Magic
 + Level 1.7 Poison Magic
 + Level 2.4 Invocations
 + Level 2.1 Evocations


You had 10 spell levels left.
You didn't know any spells.
Your spell library was empty.

Dungeon Overview and Level Annotations

Branches:
Dungeon (4/15)
 Temple: D:4-7

Altars:
Cheibriados
Uskayaw


Innate Abilities, Weirdness & Mutations

Your experience applies equally to all skills.
You have very sharp teeth.
Your uncanny sense of smell can sniff out nearby items.
Your mind is acute. (Int +2)
Your body often deteriorates upon taking damage.


Message History

You feel clever.
* * * LOW HITPOINT WARNING * * *
You feel sick.
Unknown command.
There is a lethal amount of poison in your body!
There is a lethal amount of poison in your body!
Unknown command.
* * * LOW HITPOINT WARNING * * *
You feel sick.
* * * LOW HITPOINT WARNING * * *
You feel sick.
* * * LOW HITPOINT WARNING * * *
You feel sick.
* * * LOW HITPOINT WARNING * * *
You feel sick.
* * * LOW HITPOINT WARNING * * *
You feel sick.
* * * LOW HITPOINT WARNING * * *
You feel sick.
You die...

#.#############.########
#.#....................#
#................#####.#
###.###########..# #.# #.#
#..# #.# #.# #..# #.# #.#
#..# #.#
###########.###########..#
#.#
................@........#
#.#
##########..######.#######
#.# #..# #.# #.# #..# #.#
#.# #..# #.# #.#
##########..# #.# #.#
...)........# #.# #.#
.##########.######.####
#.# .# #........##.## #.#


There were no monsters in sight!

Vanquished Creatures
  4 big kobolds (Sewer)
  4 adders
  A river rat (Sewer)
  3 oozes (Sewer)
  7 worms
  3 dart slugs
  4 leopard geckos
  4 orcs
  6 giant cockroaches
  A goblin (D:1)
  6 hobgoblins
  3 jackals (D:3)
  13 kobolds
  A quokka (D:3)
  3 ball pythons (Sewer)
  5 bats
  A frilled lizard (D:1)
  20 rats
89 creatures vanquished.

Notes
Turn   | Place    | Note
-------+----------+-------------------------------------------
     0 | D:1      | CougarLife the Gnoll Fighter began the quest for the Orb.
     0 | D:1      | Reached XP level 1. HP: 23/23 MP: 1/1
    91 | D:1      | Reached XP level 2. HP: 29/29 MP: 2/2
   307 | D:1      | Reached XP level 3. HP: 35/35 MP: 3/3
   738 | D:2      | Noticed a dagger
   739 | D:2      | Noticed a dagger
   742 | D:2      | Found a hide-covered altar of Uskayaw.
   864 | D:2      | Reached skill level 1 in Invocations
   929 | D:2      | Reached skill level 1 in Short Blades
   929 | D:2      | Reached skill level 1 in Long Blades
   929 | D:2      | Reached skill level 1 in Maces & Flails
   929 | D:2      | Reached skill level 1 in Polearms
   929 | D:2      | Reached skill level 1 in Staves
   929 | D:2      | Reached skill level 1 in Slings
   929 | D:2      | Reached skill level 1 in Bows
   929 | D:2      | Reached skill level 1 in Crossbows
   929 | D:2      | Reached skill level 1 in Throwing
   929 | D:2      | Reached skill level 1 in Dodging
   929 | D:2      | Reached skill level 1 in Stealth
   929 | D:2      | Reached skill level 1 in Unarmed Combat
   929 | D:2      | Reached skill level 1 in Spellcasting
   929 | D:2      | Reached skill level 1 in Evocations
  1140 | D:3      | Found a glowing drain.
  1147 | D:3      | Reached XP level 4. HP: 41/41 MP: 5/5
  1169 | Sewer    | Entered a sewer
  1188 | Sewer    | Noticed a big kobold
  1197 | Sewer    | Killed a big kobold
  1197 | Sewer    | Reached skill level 1 in Conjurations
  1197 | Sewer    | Reached skill level 1 in Hexes
  1197 | Sewer    | Reached skill level 1 in Charms
  1197 | Sewer    | Reached skill level 1 in Summonings
  1197 | Sewer    | Reached skill level 1 in Necromancy
  1197 | Sewer    | Reached skill level 1 in Translocations
  1197 | Sewer    | Reached skill level 1 in Transmutations
  1197 | Sewer    | Reached skill level 1 in Fire Magic
  1197 | Sewer    | Reached skill level 1 in Ice Magic
  1197 | Sewer    | Reached skill level 1 in Air Magic
  1197 | Sewer    | Reached skill level 1 in Earth Magic
  1197 | Sewer    | Reached skill level 1 in Poison Magic
  1197 | Sewer    | Reached XP level 5. HP: 28/47 MP: 5/7
  1496 | Sewer    | Noticed a big kobold
  1515 | Sewer    | Killed a big kobold
  1573 | Sewer    | Noticed a big kobold
  1586 | Sewer    | Killed a big kobold
  1586 | Sewer    | Reached XP level 6. HP: 52/53 MP: 8/8
  1714 | Sewer    | Reached skill level 5 in Axes
  2039 | D:3      | Found a snail-covered altar of Cheibriados.
  2653 | D:4      | Reached XP level 7. HP: 59/59 MP: 10/10
  2705 | D:3      | Gained mutation: Your body sometimes deteriorates upon taking damage. [potion of mutation]
  2705 | D:3      | Gained mutation: Your body often deteriorates upon taking damage. [potion of mutation]
  2705 | D:3      | Gained mutation: Your mind is acute. (Int +2) [potion of mutation]
  2710 | D:3      | HP: 2/59 [poisoned by an orc]
  2713 | D:3      | Succumbed to an orc's poison

Vault maps used:
D:1:      sevenhm_arrival_forest_fort_large_4
D:2:      dancing_weapons_uskayaw, first_ration
D:3:      kennysheep_slug_shrine, gup_sewer_entry_glass
D:4:      kennysheep_little_box, serial_shops, shop, nicolae_shop_crystal,
          minmay_mini_ossuary
Sewer:    sewer_co_tree

Skill      XL: |  1  2  3  4  5  6 |
---------------+-------------------+-----
Invocations    | 1 2 |  2.4
Short Blades   | 1 2 |  2.1
Long Blades    | 1 2 |  2.1
Maces & Flails | 1 2 |  2.1
Polearms       | 1 2 |  2.1
Staves         | 1 2 |  2.1
Slings         | 1 2 |  2.1
Bows           | 1 2 |  2.1
Crossbows      | 1 2 |  2.1
Throwing       | 1 2 |  2.1
Dodging        | 1 2 |  2.1
Stealth        | 1 2 |  2.1
Unarmed Combat | 1 2 |  2.1
Spellcasting   | 1 2 |  2.1
Evocations     | 1 2 |  2.1
Conjurations   | 1 |  1.7
Hexes          | 1 |  1.7
Charms         | 1 |  1.7
Summonings     | 1 |  1.7
Necromancy     | 1 |  1.7
Translocations | 1 |  1.7
Transmutations | 1 |  1.7
Fire Magic     | 1 |  1.7
Ice Magic      | 1 |  1.7
Air Magic      | 1 |  1.7
Earth Magic    | 1 |  1.7
Poison Magic   | 1 |  1.7
Axes           | 5 |  5.1
Fighting       | |  6.9
Armour         | |  6.9
Shields        | |  6.9

Action                   |  1- 3 |  4- 6 |  7- 9 || total
-------------------------+-------+-------+-------++-------
Melee: War axe           |    79 |   185 |    10 ||   274
       Bite              |     8 |    21 |     4 ||    33
  Use: Potion            |       |       |     1 ||     1
  Eat: Chunk             |     1 |     5 |       ||     6
Armor: Scale mail        |    29 |    45 |     3 ||    77
Dodge: Dodged            |    19 |    47 |     3 ||    69
Block: Shield            |    44 |    84 |     3 ||   131

Table legend:
 A = Spawn XP
 B = Non-spawn XP
 C = Spawn XP percentage of total XP
 D = Spawn monster count
 E = Non-spawn monster count
 F = Spawn count percentage of total count
 G = Total turns spent on level
                    A         B        C        D         E        F      G
               +---------+---------+-------+---------+---------+-------+---------
         Total |       0 |     629 |   0.0 |       0 |      89 |   0.0 |  2713
               +---------+---------+-------+---------+---------+-------+---------
           D:1 |       0 |      37 |   0.0 |       0 |      22 |   0.0 |   611
           D:2 |       0 |      40 |   0.0 |       0 |      12 |   0.0 |   492
           D:3 |       0 |      77 |   0.0 |       0 |      23 |   0.0 |   778
           D:4 |       0 |      14 |   0.0 |       0 |       4 |   0.0 |    76
         Sewer |       0 |     461 |   0.0 |       0 |      28 |   0.0 |   756
               +---------+---------+-------+---------+---------+-------+---------
